AoeStats
← Niroxs

Pilgrims

510155890Analyzed
2v2 RM · 2d ago on Sep 29, 2026· 23m 19s· 4 players
Game mode
Random Map
Map size
Medium (4 player)
Population
200
Speed
Normal
Resources
Standard
Victory
Conquest
Starting age
Dark Age
Ending age
Imperial Age
RankedLock teamsTeams togetherTeam positionsShared explorationLock speedFull tech treeHidden civsTurbo modeCheats
Victory
Defeat
🇨🇭 Gurjaras · Switzerland
1779
+15
🇨🇳 Mapuche · China
1692
+18
🇳🇱 Saracens · Netherlands
1766
-17
🇳🇱 Sicilians · Netherlands
1731
-16
[KD] Fabuled
3:24 Loom
11:42 Feudal Age
12:11 Double-Bit Axe
12:58 Fishing Lines
17:56 Castle Age
18:53 Medium Warships
21:29 Bow Saw
[KD] Arj4y
9:05 Loom
11:12 Feudal Age
13:06 Double-Bit Axe
15:12 Fletching
17:26 Castle Age
17:39 Demolition Ship
18:58 Medium Warships
18:55 Bodkin Arrow
Envetel
2:36 Loom
11:46 Feudal Age
15:46 Castle Age
13:46 Double-Bit Axe
14:20 Fletching
14:53 Fishing Lines
16:41 Medium Warships
16:42 Bodkin Arrow
17:11 Demolition Ship
21:22 Clinker Construction
Niroxs
4:28 Loom
11:47 Feudal Age
15:29 Castle Age
Connection lost

Rejoining the realm…

Still unreachable

The connection could not be restored.

Session expired

The server has moved on; the page needs a fresh start.